 Dungeon Crawl Stone Soup version 0.23.0 (webtiles) character file.

Game seed: 12115817136061785988

1401386 Flugkiller the Ninja (level 24, 102/124 HPs)
             Began as a Spriggan Enchanter on Feb 10, 2019.
             Was an Initiate of Gozag.
             Escaped with the Orb
             ... and 3 runes!
             The game lasted 04:14:43 (93570 turns).

Flugkiller the Ninja (Spriggan Enchanter)          Turns: 93570, Time: 04:14:44

Health: 102/124    AC:  9    Str:  4    XL:     24   Next: 71%
Magic:  45/53      EV: 33    Int: 25    God:    Gozag
Gold:   7342       SH:  9    Dex: 14    Spells: 2/65 levels left

rFire    + + .     SeeInvis +   a - +3 sling "Punk" {acid, rCorr}
rCold    + . .     Gourm    .   K - +2 buckler {AC+3}
rNeg     + + .     Faith    .   F - +2 robe {Archmagi}
rPois    .         Spirit   +   x - +2 hat of the Oligarchy {rF+ rN+ MR+}
rElec    +         Reflect  .   M - scarf {rC+ rF+}
rCorr    +         Harm     .   (gloves unavailable)
MR       +++++                  (boots unavailable)
Stlth    +++.......             q - amulet of guardian spirit
HPRegen  0.30/turn              W - ring of Zoukias {rElec rN+ MP+9 Dex-3}
MPRegen  0.33/turn              Y - +6 ring of slaying

@: mildly poisoned (102 -> 92), very quick
A: very small, unfitting armour, see invisible, dopey 1, herbivore, speed 3, low
mp 1, slow metabolism 2
0: Orb of Zot
}: 3/15 runes: serpentine, barnacled, abyssal
a: Potion Petition, Call Merchant, Bribe Branch, Renounce Religion


You escaped.
You worshipped Gozag.
Gozag was greatly pleased with you.
You were not hungry.

You visited 11 branches of the dungeon, and saw 50 of its levels.
You visited the Abyss 2 times.
You visited 1 bazaar.
You also visited: Ossuary, Ice Cave and Wizlab.

You collected 25658 gold pieces.
You spent 5003 gold pieces at shops.
You paid 13313 gold pieces to Gozag.

Inventory:

Hand Weapons
 a - the +3 sling "Punk" (weapon) {acid, rCorr}
   (You bought it in a shop on level 3 of the Vaults)

   It provides partial protection from all sources of acid and corrosion.
 b - the +7 war axe of Wondrous Power {holy, -Tele rC+ Str-2 Dex+10}
   (You took it off a deep elf sorcerer on level 3 of the Elven Halls)

   It has been blessed by the Shining One to cause great damage to the undead
   and demons.
   It affects your strength (-2).
   It affects your dexterity (+10).
   It protects you from cold.
   It prevents most forms of teleportation.
 J - the +12 Vampire's Tooth {vamp}
   (You bought it in a shop on level 2 of the Orcish Mines)

   It inflicts no extra harm, but heals its wielder when it wounds a living foe.
Missiles
 E - 14 throwing nets
 Q - 322 sling bullets (quivered)
Armour
 x - the +2 hat of the Oligarchy (worn) {rF+ rN+ MR+}
   (You found it on level 4 of the Vaults)

   It protects you from fire.
   It protects you from negative energy.
   It affects your resistance to hostile enchantments.
 F - a +2 robe of the Archmagi (worn)
   (You took it off Erica on level 8 of the Dungeon)
 K - a +2 buckler of protection (worn)
   (You took it off a tengu reaver on level 4 of the Vaults)
 M - a scarf of resistance (worn)
   (You found it on level 10 of the Dungeon)
Jewellery
 j - the amulet of Mumim {RegenMP Int+6}
   (You found it in a wizard's laboratory)

   [amulet of magic regeneration]

   It increases your magic regeneration.
   It affects your intelligence (+6).
 q - an amulet of guardian spirit (around neck)
   (You found it on level 1 of the Depths)
 N - the ring "Mereorph" {rF+ MR+ Int+4 Stlth+}
   (You bought it in a shop in a bazaar)

   [ring of protection from magic]

   It affects your intelligence (+4).
   It protects you from fire.
   It affects your resistance to hostile enchantments.
   It makes you more stealthy.
 W - the ring of Zoukias (left hand) {rElec rN+ MP+9 Dex-3}
   (You found it on level 4 of the Lair of Beasts)

   [ring of dexterity]

   It affects your dexterity (-3).
   It insulates you from electricity.
   It protects you from negative energy.
   It affects your magic capacity (+9).
 Y - a +6 ring of slaying (right hand)
   (You found it on level 4 of the Shoals)
Wands
 t - a wand of scattershot (11)
   (You found it on level 13 of the Dungeon)
 y - a wand of clouds (6)
   (You found it on level 1 of the Depths)
 D - a wand of paralysis (44)
   (You found it on level 7 of the Dungeon)
 H - a wand of digging (13)
   (You took it off Maurice on level 8 of the Dungeon)
 S - a wand of iceblast (25)
   (You found it on level 3 of the Lair of Beasts)
 T - a wand of disintegration (63)
   (You found it on level 4 of the Lair of Beasts)
 V - a wand of acid (30)
   (You found it on level 4 of the Lair of Beasts)
 X - a wand of enslavement (11)
   (You found it on level 13 of the Dungeon)
Scrolls
 e - 2 scrolls of magic mapping
 f - 12 scrolls of enchant armour
 g - 3 scrolls of vulnerability
 i - 8 scrolls of immolation
 m - 14 scrolls of fear
 n - 3 scrolls of fog
 o - 25 scrolls of remove curse
 v - 28 scrolls of teleportation
 C - 7 scrolls of blinking
 I - 3 scrolls of identify
 L - 14 scrolls of amnesia
 R - 3 scrolls of holy word
 U - 11 scrolls of summoning
Potions
 c - 4 potions of agility
 h - 4 potions of berserk rage
 k - 18 potions of curing
 l - 6 potions of ambrosia
 p - 2 potions of magic
 r - 3 potions of haste
 s - 10 potions of might
 u - 14 potions of lignification
 w - 3 potions of heal wounds
 z - 8 potions of brilliance
 A - 3 potions of flight
 B - 26 potions of mutation
 G - 5 potions of invisibility
 O - 4 potions of cancellation
Miscellaneous
 P - 6 phantom mirrors
 Z - a lamp of fire
   (You found it on level 5 of the Lair of Beasts)
Comestibles
 d - 45 rations


   Skills:
 + Level 11.9 Fighting
 - Level 10.0 Short Blades
 - Level 14.0 Slings
 - Level 20.0 Dodging
 O Level 27 Stealth
 - Level 7.3 Shields
 - Level 21.0 Spellcasting
 - Level 20.0 Hexes
 - Level 11.7 Charms
 - Level 12.0 Summonings
 - Level 5.0 Translocations
 - Level 7.7 Air Magic
 + Level 11.3 Evocations


You had 2 spell levels left.
You knew the following spells:

 Your Spells              Type           Power        Failure   Level  Hunger
a - Corona                Hex            #######      0%          1    None
b - Ensorcelled Hibernat  Hex/Ice        ######       1%          2    None
c - Confuse               Hex            ########     0%          3    None
d - Tukima's Dance        Hex            ########     0%          3    None
e - Deflect Missiles      Chrm/Air       #######...   4%          6    ##.....
f - Summon Mana Viper     Hex/Summ       ########     1%          5    None
g - Invisibility          Hex            ########     1%          6    ##.....
h - Passage of Golubria   Tloc           N/A          1%          4    None
i - Discord               Hex            ########..   2%          8    ######.
j - Portal Projectile     Hex/Tloc       ######       1%          3    None
k - Shadow Creatures      Summ           N/A          1%          6    ##.....
l - Regeneration          Chrm/Necr      ######....   1%          3    None
m - Yara's Violent Unrav  Hex/Tmut       #######...   1%          5    None
n - Summon Butterflies    Summ           #######.     0%          1    None
o - Summon Lightning Spi  Summ/Air       #######.     1%          4    None
p - Passwall              Tmut/Erth      #####...     2%          2    None
q - Apportation           Tloc           ######       1%          1    None

Your spell library contained the following spells:

 Spells                   Type           Power        Failure   Level  Hunger
 Confusing Touch          Hex            ######       0%          1    None
 Infusion                 Chrm           ####         0%          1    None
 Summon Small Mammal      Summ           ####         0%          1    None
 Slow                     Hex            ########     0%          2    None
 Animate Skeleton         Necr           N/A          1%          1    None
 Beastly Appendage        Tmut           #####.       1%          1    None
 Freeze                   Ice            ####         1%          1    None
 Magic Dart               Conj           ####         1%          1    None
 Pain                     Necr           ####         1%          1    None
 Sandblast                Erth           #####.       1%          1    None
 Shock                    Conj/Air       ####         1%          1    None
 Sting                    Conj/Pois      ####         1%          1    None
 Blink                    Tloc           N/A          1%          2    None
 Call Imp                 Summ           #######.     1%          2    None
 Poisonous Vapours        Pois/Air       ######       1%          2    None
 Shroud of Golubria       Chrm/Tloc      #######...   1%          2    None
 Song of Slaying          Chrm           #######.     1%          2    None
 Swiftness                Chrm/Air       #######.     1%          2    None
 Sticks to Snakes         Tmut           #####...     2%          2    None
 Sublimation of Blood     Necr           #####.....   2%          2    None
 Throw Frost              Conj/Ice       #####.       2%          2    None
 Spectral Weapon          Hex/Chrm       ########     0%          3    None
 Summon Guardian Golem    Hex/Summ       ########     0%          3    None
 Cause Fear               Hex            ########..   0%          4    None
 Call Canine Familiar     Summ           #######.     1%          3    None
 Dazzling Spray           Conj/Hex       ######       1%          3    None
 Inner Flame              Hex/Fire       #######.     1%          3    None
 Lesser Beckoning         Tloc           ######....   1%          3    None
 Mephitic Cloud           Conj/Pois/Air  ######..     1%          3    None
 Ozocubu's Armour         Chrm/Ice       ######..     1%          3    None
 Recall                   Summ/Tloc      N/A          1%          3    None
 Static Discharge         Conj/Air       ######..     1%          3    None
 Teleport Other           Tloc           ######..     1%          3    None
 Airstrike                Air            #######...   1%          4    None
 Fulminant Prism          Conj/Hex       #######...   1%          4    None
 Leda's Liquefaction      Hex/Erth       #######...   1%          4    None
 Summon Ice Beast         Ice/Summ       ######..     1%          4    None
 Metabolic Englaciation   Hex/Ice        #######...   1%          5    None
 Silence                  Hex/Air        #######...   1%          5    None
 Summon Forest            Summ/Tloc      #######...   1%          5    None
 Darkness                 Hex            ########..   1%          6    ##.....
 Conjure Flame            Conj/Fire      #####...     4%          3    None
 Ignite Poison            Fire/Tmut/Pois #####...     4%          3    None
 Spider Form              Tmut/Pois      #####.....   4%          3    None
 Vampiric Draining        Necr           #####.....   4%          3    None
 Excruciating Wounds      Chrm/Necr      ######....   4%          5    None
 Iskenderun's Battlesphe  Conj/Chrm      ######..     4%          5    None
 Lightning Bolt           Conj/Air       ######....   9%          5    None
 Summon Hydra             Summ           #######...   10%         7    ####...
 Animate Dead             Necr           N/A          16%         4    None
 Ice Form                 Ice/Tmut       #####...     16%         4    None
 Olgreb's Toxic Radiance  Pois           #####...     16%         4    None
 Petrify                  Tmut/Erth      #####...     16%         4    None
 Throw Icicle             Conj/Ice       #####...     16%         4    None
 Alistair's Intoxication  Tmut/Pois      #####...     41%         5    None
 Blade Hands              Tmut           #####.....   41%         5    None
 Bolt of Draining         Conj/Necr      #####.....   41%         5    None
 Bolt of Magma            Conj/Fire/Erth #####.....   41%         5    None
 Borgnjor's Vile Clutch   Necr/Erth      #####.....   41%         5    None
 Irradiate                Conj/Tmut      #####.....   41%         5    None
 Lee's Rapid Deconstruct  Erth           #####.....   41%         5    None
 Venom Bolt               Conj/Pois      #####.....   41%         5    None
 Conjure Ball Lightning   Conj/Air       ######....   45%         6    ##.....
 Freezing Cloud           Conj/Ice/Air   ######....   65%         6    ##.....
 Spellforged Servitor     Conj/Summ      ######....   75%         7    ####...
 Ring of Flames           Chrm/Fire      ######....   77%         7    ####...
 Bolt of Cold             Conj/Ice       #####.....   94%         6    ##.....
 Death Channel            Necr           #####.....   94%         6    ##.....
 Hydra Form               Tmut           #####.....   94%         6    ##.....
 Iron Shot                Conj/Erth      #####.....   94%         6    ##.....
 Ozocubu's Refrigeration  Ice            #####.....   94%         6    ##.....
 Simulacrum               Ice/Necr       #####.....   94%         6    ##.....
 Statue Form              Tmut/Erth      #####....    94%         6    ##.....
 Dragon Form              Tmut           #####.....   100%        7    ####...
 Orb of Destruction       Conj           #####.....   100%        7    ####...
 Tornado                  Air            #######...   100%        9    #######


Dungeon Overview and Level Annotations

Branches:
Dungeon (15/15)            Temple (1/1) D:7            Lair (6/6) D:9
 Shoals (4/4) Lair:2        Snake (4/4) Lair:3        Slime (0/5) Lair:5
    Orc (2/2) D:9             Elf (3/3) Orc:2        Vaults (4/5) D:14
  Crypt (1/3) Vaults:3     Depths (5/5) D:15            Zot (5/5) Depths:5

Altars:
Ashenzari
Cheibriados
Dithmenos
Elyvilon
Fedhas
Gozag
Hepliaklqana
Kikubaaqudgha
Makhleb
Nemelex Xobeh
Okawaru
Qazlal
Ru
Sif Muna
Trog
Uskayaw
Vehumet
Wu Jian
Xom
Yredelemnul
Zin
The Shining One

Shops:
D:9 [   D:10 [   D:15 :=   Orc:2 :*[(   Shoals:3 *   Shoals:4 [   Snake:1 *
Snake:3 }==   Snake:4 [   Vaults:2 ?   Vaults:3 (   Depths:4 %(**!

Portals:
Hell: Depths:1 Depths:2 Depths:3 Depths:4 Depths:5
Abyss: Depths:4
Pandemonium: Depths:3 Depths:4
Ziggurat: Depths:3

Annotations:
D:14 exclusion: Roxanne, Roxanne
Lair:5 exclusion: 3 oklob plants
Shoals:1 2 runed translucent doors, popps's ghost, adept GrFi
Snake:1 2 transporters, littlecub's ghost, journeyman DsGl
Elf:2 3 runed translucent doors
Elf:3 2 transporters, Somebody's ghost, adept VSBe
Zot:2 exclusion: downstairs


Innate Abilities, Weirdness & Mutations

You are very small and have problems with some larger weapons.
You are too small for most types of armour.
You have supernaturally acute eyesight. (SInv)
You are a herbivore.
You cover ground extremely quickly.
You need to consume almost no food.
You are dopey. (Int -2)
Your magical capacity is low. (-10% MP)


Message History

You feel the Orb delaying your translocation!
Unknown command.
You block the sixfirhy's attack.
Firing (i - inventory. (/) - cycle)
Q - 322 sling bullets (quivered)
Press: ? - help, Shift-Dir - straight line, f - sixfirhy
Aim: a sixfirhy You shoot a sling bullet.
The sling bullet hits the sixfirhy!
The sixfirhy is splashed with acid.
The sixfirhy is moderately wounded.
You block the sixfirhy's attack. x2
Firing (i - inventory. (/) - cycle)
Q - 321 sling bullets (quivered)
Press: ? - help, Shift-Dir - straight line, f/p - sixfirhy
Aim: a sixfirhy (moderately wounded)
You shoot a sling bullet. The sling bullet hits the sixfirhy!
The sixfirhy is splashed with acid.
The acid corrodes the sixfirhy!
The sixfirhy is almost dead.
You block the sixfirhy's attack. The sixfirhy completely misses you.
Firing (i - inventory. (/) - cycle)
Q - 320 sling bullets (quivered)
Press: ? - help, Shift-Dir - straight line, f/p - sixfirhy
Aim: a sixfirhy (almost dead, covered in acid)
You shoot a sling bullet. The sling bullet hits the sixfirhy!!
You kill the sixfirhy!
No target in view!
You now have 7342 gold pieces (gained 7).
Q - 322 sling bullets (gained 3) Unknown command.
You start waiting.
Your surroundings suddenly seem different.
(D) Dungeon (T) Temple (L) Lair (A) Shoals (P) Snake Pit (M) Slime Pits (O) Orcish Mines (E) Elven Halls (V) Vaults (C) Crypt (U) Depths (H) Hell (Z) Zot
Where to? (Enter - D:1 @ (x,y), ? - help)
What level of the Dungeon? (default 1, ? - help)
There is a stone staircase leading down here.
Your extra speed is starting to run out.
There is a stone staircase leading up here.
You climb upwards.
You feel yourself slow down.
There is a stone staircase leading down here.
A green death comes into view.
Unknown command.
The green death gestures at you. The bolt of poison hits you!!
You are poisoned.
You feel sick.
There is a staircase leading out of the dungeon here.
Enter note: gg You feel sick.
You have escaped!

#≈≈≈≈.###................
#≈≈≈≈................#.##
#≈≈≈≈..................##
#≈≈≈≈.............##.....
#≈≈≈≈.............#######
#≈≈≈≈≈......(....##
#≈≈≈.≈........^..# ###
#≈≈≈..≈..........######..
#≈≈≈.≈≈≈@.......###.....#
#≈≈≈≈≈≈.≈.......# #######
≈≈≈≈≈≈≈........##
≈≈≈≈≈≈≈≈≈≈≈.....#
≈≈≈≈≈≈≈≈.2.≈.≈≈≈#
≈≈≈≈≈≈≈≈≈≈≈.≈..≈#
≈≈≈≈≈≈≈≈≈≈≈≈≈≈≈≈#
≈≈≈≈≈≈≈≈≈≈≈≈≈≈≈≈#
################


You could see a green death.

Vanquished Creatures
  Sojobo (Vaults:2)
  A shard shrike (Zot:1)
  4 Killer Klowns (Zot:2)
  A curse toe (Zot:3)
  A bone dragon (Depths:5)
  4 golden dragons
  A mutant beast (WizLab)
  2 liches
  5 tentacled monstrosities
  An Ice Fiend (IceCv)
  A titan (Depths:2)
  2 deep elf blademasters (Elf:3)
  3 quicksilver dragons
  2 deep elf master archers (Elf:3)
  5 death cobs
  Gastronok (D:8)
  2 sphinxes
  3 shadow dragons
  An ancient champion (Crypt:1)
  3 tengu reavers
  2 draconian monks
  Donald (Orc:2)
  5 storm dragons
  12 fire giants
  13 nagarajas
  A fire giant (shapeshifter) (D:11)
  10 vault wardens
  6 frost giants
  2 draconian knights
  2 deep elf sorcerers (Elf:3)
  A ghost moth (Zot:4)
  A draconian shifter (Zot:1)
  2 deep elf elementalists (Elf:3)
  4 draconian scorchers
  An orc warlord (Orc:2)
  2 curse skulls
  13 stone giants
  2 draconian annihilators
  9 ironheart preservers
  5 very ugly things
  Nessos (Lair:5)
  The ghost of Fifowuza the Grappler, a journeyman DrTm of Wu Jian (Lair:4)
  4 green draconians
  The ghost of LostNumber the Abyss-Baptised, a journeyman DsAK of Lugonu (Lair:4)
  4 vampire knights
  3 red draconians
  11 purple draconians
  The ghost of Bolunijamo the Blocker, a journeyman GnFi of Okawaru (Lair:5)
  The ghost of Ribudoz the Blocker, a journeyman GnFi of Okawaru (Lair:5)
  A dire elephant (Lair:6)
  4 black draconians
  The ghost of Teqef the Cruncher, a journeyman MiGl of the Shining One (Lair:5)
  5 deep elf annihilators
  6 yellow draconians
  4 deep elf demonologists
  7 spark wasps
  4 white draconians
  2 eidola (Crypt:1)
  The ghost of Panli the Archer, a journeyman CeAM of Okawaru (Lair:5)
  A monstrous demonspawn (Depths:3)
  3 deep elf death magi
  5 merfolk javelineers
  5 ettins
  Josephine (D:10)
  12 merfolk impalers
  5 jiangshi
  7 fire dragons
  The ghost of Xyudeake the Devastator, a journeyman DEFE of Vehumet (Lair:4)
  3 great orbs of eyes
  11 yaktaur captains
  Fannar (D:10)
  3 deep elf high priests
  Harold (D:10)
  5 rakshasas
  24 naga warriors
  6 vault guards
  Erolcha (D:10)
  12 anacondas
  2 merfolk avatars
  2 alligator snapping turtles (Shoals:4)
  5 hydras
  6 spriggan air magi
  3 ice dragons
  Erica (D:8)
  15 two-headed ogres
  12 centaur warriors
  7 merfolk aquamancers
  3 tengu warriors
  4 deep troll shamans
  3 catoblepae
  5 vampire magi
  8 ogre magi
  8 deep troll earth magi
  5 orc high priests
  A sun demon (Depths:1)
  A thrashing horror (Abyss:1)
  8 death yaks
  8 naga sharpshooters
  11 shock serpents
  3 spriggan berserkers
  A soul eater (Crypt:1)
  3 hell knights
  11 deep elf knights
  7 large abominations
  A fire crab (D:14)
  A wretched star (Abyss:4)
  2 spriggans (Depths:3)
  An iron golem (WizLab)
  An iron troll (Depths:2)
  A sixfirhy (D:2)
  2 salamander mystics
  A skeletal warrior (Crypt:1)
  A fire crab (shapeshifter) (Lair:3)
  4 flayed ghosts
  6 unseen horrors
  2 starcursed masses (Abyss:1)
  6 naga ritualists
  A golden dragon zombie (Crypt:1)
  19 deep trolls
  22 sea snakes
  An unseen horror (shapeshifter) (WizLab)
  A golden dragon skeleton (Crypt:1)
  3 glowing orange brains (Depths:2)
  17 deep elf archers
  2 necromancers
  A mana viper (shapeshifter) (WizLab)
  21 orc knights
  7 wizards
  18 ironbrand convokers
  46 deep elf magi
  2 phantasmal warriors
  An orb spider (shapeshifter) (D:12)
  20 harpies (Shoals:4)
  11 mana vipers
  5 orc sorcerers
  6 cyclopes
  15 ugly things
  4 fauns
  10 salamanders
  4 wolf spiders
  13 moths of wrath
  14 manticores
  14 elephants
  A worldbinder (Abyss:2)
  2 apocalypse crabs
  29 black mambas
  A torpor snail (shapeshifter) (WizLab)
  Maurice (D:8)
  24 naga magi
  9 merfolk sirens
  A black mamba (shapeshifter) (Depths:2)
  7 centaur zombies
  4 ice statues
  2 elf zombies (Vaults:2)
  3 guardian serpents
  10 spiny frogs
  8 vault sentinels
  A torpor snail (Lair:3)
  7 water nymphs
  A spiny frog (shapeshifter) (WizLab)
  2 kobold demonologists
  7 freezing wraiths
  44 yaktaurs
  8 rime drakes
  2 rime drakes (shapeshifter)
  A spectral swamp worm (Depths:5)
  12 ice devils (IceCv)
  2 hellwings
  8 komodo dragons
  4 anaconda simulacra (IceCv)
  3 golden dragon simulacra (IceCv)
  2 komodo dragons (shapeshifter)
  An efreet (D:15)
  2 yaktaurs (shapeshifter)
  A meliai (shapeshifter) (WizLab)
  4 trolls
  A jumping spider (D:14)
  3 tengu conjurers
  A silent spectre (Abyss:3)
  2 jumping spiders (shapeshifter) (WizLab)
  3 trolls (shapeshifter) (WizLab)
  18 merfolk
  5 hornets
  3 hippogriffs (shapeshifter)
  20 blink frogs
  A wind drake (shapeshifter) (WizLab)
  Prince Ribbit (D:8)
  20 slime creatures
  7 wind drakes
  4 dream sheep
  A fire dragon zombie (Crypt:1)
  14 hippogriffs
  10 snapping turtles
  3 raiju (shapeshifter)
  4 raiju
  2 air elementals
  6 water elementals
  A shadow (Crypt:1)
  A centaur simulacrum (D:10)
  A stone giant simulacrum (Vaults:3)
  5 flying skulls (Abyss:3)
  A tarantella (D:14)
  4 redbacks
  A redback (shapeshifter) (WizLab)
  3 wyverns
  10 wraiths
  22 yaks
  Grum (D:10)
  5 basilisks
  A human (shapeshifter) (WizLab)
  A ynoxinul (Abyss:4)
  4 tarantellas (shapeshifter)
  A wyvern (shapeshifter) (Vaults:3)
  A basilisk (shapeshifter) (D:14)
  A golden eye (shapeshifter) (WizLab)
  A neqoxec (Abyss:1)
  2 humans (Zot:2)
  3 hungry ghosts
  A two-headed ogre zombie (Crypt:1)
  A steam dragon (D:10)
  57 nagas
  Menkaure (D:6)
  A swamp worm (shapeshifter) (WizLab)
  3 wargs
  2 acid dragons (Vaults:2)
  A faun skeleton (Crypt:1)
  A merfolk skeleton (Crypt:1)
  A soldier ant (shapeshifter) (WizLab)
  2 harpy simulacra (IceCv)
  12 water moccasins
  3 hydra simulacra
  A hell hound (Abyss:2)
  8 floating eyes
  An infernal demonspawn skeleton (Crypt:1)
  5 porcupines
  2 black bears (Lair:6)
  42 orc warriors
  6 sky beasts
  2 eyes of draining
  3 phantoms
  4 ice beasts
  A hornet zombie (D:9)
  An ogre (shapeshifter) (Vaults:4)
  16 ogres
  A manticore zombie (Abyss:3)
  15 wolves
  10 boggarts
  22 centaurs
  6 crocodiles
  3 big kobolds
  A gnoll sergeant (D:8)
  18 bullfrogs
  A human skeleton (Vaults:2)
  4 earth elementals
  5 scorpions
  A water moccasin skeleton (D:10)
  11 killer bees
  16 wights
  5 electric eels
  2 howler monkeys (D:10)
  8 small abominations
  12 crimson imps
  6 hounds
  A quasit (D:10)
  10 centaur skeletons
  10 jellies
  21 orc priests
  23 orc wizards
  3 bullfrog skeletons
  Jessica (D:3)
  Natasha (thrice) (D:3)
  2 iguanas
  9 hell rats (Lair:3)
  14 worker ants
  A big kobold zombie (Ossuary)
  A hound skeleton (D:9)
  3 mummies (Ossuary)
  2 worker ant zombies
  Robin (D:1)
  A howler monkey skeleton (D:8)
  19 adders
  11 gnolls
  12 river rats (Lair:3)
  3 shadow imps
  3 white imps
  An ufetubus (Vaults:3)
  12 oozes
  An adder skeleton (D:5)
  5 worms
  A dart slug (D:2)
  5 leopard geckos
  79 orcs
  6 bats
  2 giant cockroaches
  14 goblins
  9 hobgoblins
  6 jackals
  18 kobolds
  8 quokkas
  A ball python (D:5)
  2 frilled lizards (D:2)
  A giant cockroach zombie (D:4)
  A hobgoblin zombie (Ossuary)
  A leopard gecko zombie (D:8)
  9 rats
  A butterfly (Lair:3)
  A fungus (Lair:6)
  A plant (Lair:6)
  A withered plant (Shoals:4)
1835 creatures vanquished.

Vanquished Creatures (collateral kills)
  An orb of fire (Zot:1)
  Xtahua (Depths:4)
  A Killer Klown (Zot:2)
  Margery (Depths:4)
  Frederick (Depths:3)
  6 golden dragons
  An electric golem (Zot:2)
  7 tentacled monstrosities
  2 liches
  2 quicksilver dragons
  A death cob (Zot:2)
  A shadow dragon (Zot:3)
  A draconian monk (Zot:5)
  2 storm dragons (Zot:2)
  A fire giant (Depths:3)
  3 draconian scorchers
  2 vault wardens (Vaults:4)
  A ghost moth (Zot:5)
  3 deep elf sorcerers
  2 balrugs
  2 frost giants
  An iron dragon (Depths:4)
  A draconian stormcaller (Zot:1)
  2 curse skulls (Crypt:1)
  A draconian annihilator (Zot:2)
  3 draconian shifters
  2 spriggan defenders (Depths:5)
  14 very ugly things
  4 black draconians
  4 deep elf demonologists
  2 green draconians
  9 red draconians
  4 yellow draconians
  A spark wasp (Depths:5)
  4 deep elf annihilators
  4 white draconians
  6 purple draconians
  2 ettins
  2 merfolk impalers
  2 deep elf death magi (Elf:3)
  A deep elf high priest (Elf:3)
  A jiangshi (Depths:2)
  3 yaktaur captains
  An ice dragon (Depths:4)
  A great orb of eyes (Depths:3)
  3 vault guards (Vaults:4)
  3 rakshasas
  A centaur warrior (Vaults:4)
  2 vampire magi (Depths:2)
  An ogre mage (Depths:3)
  A dancing weapon (Elf:3)
  2 two-headed ogres
  3 deep troll earth magi
  A spriggan berserker (Depths:3)
  A tengu warrior (Depths:2)
  3 deep elf knights
  3 hell knights (Depths:4)
  A wretched star (Abyss:4)
  A sun demon (Depths:1)
  A skeletal warrior (D:10)
  A glowing orange brain (Depths:3)
  3 deep trolls
  A gelid demonspawn (Depths:3)
  A flayed ghost (Vaults:4)
  2 deep elf archers
  An ironbrand convoker (Vaults:2)
  A harpy (shapeshifter) (Vaults:3)
  A harpy (Shoals:4)
  A necromancer (Depths:4)
  15 ugly things
  A wolf spider (shapeshifter) (Depths:2)
  8 moths of wrath
  A vault sentinel (Vaults:4)
  Psyche (D:9)
  A water nymph (Shoals:1)
  A spectral iron troll (Crypt:1)
  4 spectral swamp worms (Depths:5)
  A smoke demon (Depths:3)
  2 freezing wraiths
  2 yaktaurs
  4 spectral deep trolls
  4 large abominations
  3 merfolk
  4 slime creatures (Depths:3)
  3 dream sheep (Shoals:1)
  A spriggan (Depths:5)
  3 water elementals
  5 humans (Zot:2)
  A warg (Vaults:4)
  4 nagas
  An orc warrior (Vaults:4)
  A big kobold (D:9)
  2 wights (Crypt:1)
  An orc priest (D:9)
  2 orc wizards
  An orc (D:9)
  A goblin (D:3)
234 creatures vanquished.

Vanquished Creatures (others)
  An electric golem (Zot:5)
  9 Orb Guardians (Zot:5)
  An eldritch tentacle (Zot:3)
  A storm dragon (Zot:5)
  A draconian scorcher (Depths:5)
  A frost giant (Depths:2)
  A green draconian (Zot:1)
  A black draconian (Zot:3)
  2 yellow draconians
  2 red draconians
  A purple draconian (Zot:5)
  2 white draconians (Zot:2)
  A vault guard (Vaults:3)
  A two-headed ogre (Depths:2)
  A merfolk aquamancer (Shoals:4)
  A hell knight (Depths:4)
  A deep troll (Depths:2)
  A flayed ghost (Vaults:4)
  A yaktaur (Depths:4)
  A deep elf mage (Vaults:3)
  4 moths of wrath
  A spiny frog (Lair:5)
  A tengu conjurer (Depths:2)
  A blink frog (Lair:6)
  A yak (Lair:5)
  16 dancing weapons
  2 ogres
  A boggart (Vaults:1)
  A centaur (Vaults:3)
  14 fungi
  8 plants
  2 starspawn tentacles (Abyss:4)
  2 withered plants (Lair:4)
85 creatures vanquished.

Grand Total: 2154 creatures vanquished

Notes
Turn   | Place    | Note
-------+----------+-------------------------------------------
     0 | D:1      | Flugkiller the Spriggan Enchanter began the quest for the
                  | Orb.
     0 | D:1      | Reached XP level 1. HP: 9/9 MP: 5/5
   644 | D:1      | Reached XP level 2. HP: 12/13 MP: 6/6
   652 | D:1      | Reached skill level 5 in Stealth
   670 | D:1      | Learned a level 2 spell: Ensorcelled Hibernation
  1503 | D:2      | Found a shattered altar of Ashenzari.
  1507 | D:2      | Saw a vision of the Shoals and the Snake Pit.
  1507 | D:2      | Noticed a naga
  1507 | D:2      | Noticed a centaur
  1507 | D:2      | Noticed a hippogriff
  1507 | D:2      | Noticed a black mamba
  1507 | D:2      | Noticed a naga
  1507 | D:2      | Noticed a naga mage
  1507 | D:2      | Noticed a merfolk
  1508 | D:2      | Noticed a black mamba
  1508 | D:2      | Noticed a naga
  1510 | D:2      | Noticed a naga
  1510 | D:2      | Noticed a hippogriff
  1510 | D:2      | Noticed a black mamba
  1511 | D:2      | Noticed a naga sharpshooter
  1709 | D:2      | Reached XP level 3. HP: 16/16 MP: 2/8
  2123 | D:2      | Reached skill level 6 in Stealth
  2149 | D:2      | Noticed Robin
  3115 | D:1      | Killed Robin
  3115 | D:1      | Reached XP level 4. HP: 21/21 MP: 3/9
  3213 | D:2      | Found a hazy altar of Hepliaklqana.
  4009 | D:3      | Noticed Natasha
  4167 | D:3      | Noticed Jessica
  4172 | D:3      | Killed Jessica
  4172 | D:3      | Reached skill level 7 in Stealth
  4172 | D:3      | Reached XP level 5. HP: 24/24 MP: 10/10
  4202 | D:3      | Killed Natasha
  4215 | D:3      | Noticed Natasha
  4220 | D:3      | Killed Natasha
  4379 | D:3      | Found a sacrificial altar of Ru.
  4418 | D:3      | Noticed Natasha
  4427 | D:3      | Killed Natasha
  4766 | D:2      | Learned a level 3 spell: Confuse
  4770 | D:2      | Learned a level 3 spell: Tukima's Dance
  4916 | D:3      | Reached skill level 8 in Stealth
  5091 | D:3      | Found an iron altar of Okawaru.
  5101 | D:3      | Reached XP level 6. HP: 28/28 MP: 4/11
  5309 | D:3      | Found a sparkling altar of Nemelex Xobeh.
  5625 | D:4      | Reached skill level 5 in Short Blades
  6022 | D:4      | Noticed a sky beast
  6031 | D:4      | Killed a sky beast
  6031 | D:4      | Reached skill level 5 in Hexes
  6031 | D:4      | Reached XP level 7. HP: 32/32 MP: 12/14
  6785 | D:4      | Found a burning altar of Makhleb.
  7098 | D:5      | Entered Level 5 of the Dungeon
  7438 | D:5      | Reached XP level 8. HP: 33/36 MP: 11/15
  7478 | D:5      | Found a snail-covered altar of Cheibriados.
  7491 | D:5      | Reached skill level 1 in Fighting
  7953 | D:6      | Found an ornate altar of the Wu Jian Council.
  8000 | D:6      | Noticed Menkaure
  8008 | D:6      | Killed Menkaure
  8008 | D:6      | Reached skill level 5 in Dodging
  8048 | D:6      | Found a deep blue altar of Sif Muna.
  8147 | D:6      | Found a sand-covered staircase.
  8154 | Ossuary  | Entered an ossuary
  8878 | D:6      | Found a glowing golden altar of the Shining One.
  9375 | D:7      | Found a staircase to the Ecumenical Temple.
  9390 | D:7      | Reached XP level 9. HP: 40/44 MP: 11/16
  9395 | Temple   | Entered the Ecumenical Temple
  9515 | Temple   | Became a worshipper of Gozag Ym Sagoz the Greedy
  9661 | D:7      | Reached skill level 9 in Stealth
 10092 | D:7      | Reached skill level 10 in Stealth
 10221 | D:8      | Noticed Prince Ribbit
 10229 | D:8      | Killed Prince Ribbit
 10425 | D:8      | Noticed Gastronok
 10468 | D:8      | Noticed Erica
 10474 | D:8      | Killed Erica
 10474 | D:8      | Reached skill level 11 in Stealth
 10519 | D:8      | Noticed Maurice
 10561 | D:8      | Reached skill level 12 in Stealth
 10708 | D:8      | Killed Maurice
 10708 | D:8      | Reached XP level 10. HP: 49/49 MP: 9/17
 10877 | D:8      | Found a bloodstained altar of Trog.
 11060 | D:8      | Found a basalt altar of Yredelemnul.
 11431 | D:8      | Killed Gastronok
 11431 | D:8      | Reached skill level 5 in Spellcasting
 11578 | D:9      | Reached skill level 13 in Stealth
 11705 | D:9      | Found a shimmering altar of Xom.
 11708 | D:9      | Found a staircase to the Orcish Mines.
 11756 | D:9      | Found a staircase to the Lair.
 11841 | D:9      | Found a stormy altar of Qazlal.
 11867 | D:9      | Noticed Psyche
 11960 | D:9      | Killed Psyche
 11993 | D:9      | Noticed a two-headed ogre
 11998 | D:9      | Killed a two-headed ogre
 11998 | D:9      | Reached XP level 11. HP: 54/54 MP: 17/21
 12164 | D:9      | Found Titam's Antique Armour Boutique.
 12185 | D:9      | Reached skill level 10 in Dodging
 12354 | D:10     | Entered Level 10 of the Dungeon
 12354 | D:10     | Noticed Harold
 12376 | D:10     | Killed Harold
 12443 | D:10     | Found Fangih's Armour Shoppe.
 12563 | D:10     | Noticed Fannar
 12575 | D:10     | Noticed Erolcha
 12708 | D:10     | Killed Erolcha
 12802 | D:10     | Killed Fannar
 12802 | D:10     | Reached skill level 5 in Fighting
 12805 | D:10     | Noticed Josephine
 12820 | D:10     | Reached skill level 10 in Hexes
 13179 | Lair:1   | Entered Level 1 of the Lair of Beasts
 13220 | Lair:1   | Reached skill level 14 in Stealth
 13381 | Lair:1   | Reached skill level 10 in Short Blades
 14896 | Lair:2   | Found a staircase to the Shoals.
 15068 | Lair:3   | Found a staircase to the Snake Pit.
 15195 | Lair:3   | Reached skill level 15 in Stealth
 15288 | Lair:3   | Reached XP level 12. HP: 55/61 MP: 8/22
 16259 | Lair:3   | Reached skill level 15 in Dodging
 16425 | Lair:3   | Reached skill level 1 in Shields
 16705 | Lair:4   | Noticed an eight-headed hydra
 16707 | Lair:4   | Killed an eight-headed hydra
 17123 | Lair:4   | Reached skill level 5 in Shields
 17409 | Lair:4   | Reached XP level 13. HP: 65/65 MP: 11/23
 17717 | Lair:4   | Found a runed translucent gate.
 17717 | Lair:4   | Found a runed translucent gate.
 17717 | Lair:4   | Found a runed translucent gate.
 17721 | Lair:4   | Noticed LostNumber's ghost (journeyman DsAK)
 17721 | Lair:4   | Noticed Xyudeake's ghost (journeyman DEFE)
 17724 | Lair:4   | Noticed Fifowuza's ghost (journeyman DrTm)
 18066 | Lair:4   | Killed Fifowuza's ghost
 18078 | Lair:4   | Killed Xyudeake's ghost
 18147 | Lair:4   | Killed LostNumber's ghost
 18166 | Lair:4   | Got a clouded amber ring
 18183 | Lair:4   | Identified the cursed ring of Zoukias {rElec rN+ MP+9
                  | Dex-3} (You found it on level 4 of the Lair of Beasts)
 18270 | Lair:5   | Reached skill level 1 in Evocations
 18452 | Lair:5   | Noticed Nessos
 18460 | Lair:5   | Killed Nessos
 18460 | Lair:5   | Reached skill level 5 in Evocations
 18771 | Lair:5   | Found a staircase to the Slime Pits.
 18785 | Lair:5   | You fall through a shaft!
 18785 | Lair:6   | Entered Level 6 of the Lair of Beasts
 19484 | Lair:5   | Found a runed translucent gate.
 19485 | Lair:5   | Found a runed translucent gate.
 19486 | Lair:5   | Found a runed translucent gate.
 19487 | Lair:5   | Noticed Teqef's ghost (journeyman MiGl)
 19488 | Lair:5   | Noticed Bolunijamo's ghost (journeyman GnFi)
 19488 | Lair:5   | Noticed Panli's ghost (journeyman CeAM)
 19488 | Lair:5   | Noticed Ribudoz's ghost (journeyman GnFi)
 19567 | Lair:5   | Killed Bolunijamo's ghost
 19619 | Lair:5   | Killed Ribudoz's ghost
 19619 | Lair:5   | Reached skill level 16 in Stealth
 19729 | Lair:5   | Killed Panli's ghost
 19746 | Lair:5   | Killed Teqef's ghost
 19813 | Lair:5   | Identified the Tome of Feathers
 20671 | Lair:6   | Reached skill level 17 in Stealth
 20971 | Lair:6   | Reached XP level 14. HP: 60/73 MP: 10/24
 23319 | D:10     | Killed Josephine
 23319 | D:10     | Reached skill level 18 in Stealth
 23404 | D:10     | Noticed Grum
 23477 | D:10     | Killed Grum
 24165 | D:10     | Identified the +8 mace "Payreagre" {crush, MR+ Int+4}
 27039 | D:11     | Noticed a shadow dragon
 27041 | D:11     | Noticed an acid blob
 27041 | D:11     | a shadow dragon changed into an acid blob
 27055 | D:11     | Noticed an acid blob
 27083 | D:11     | Noticed a shadow dragon
 27083 | D:11     | a dire elephant changed into a shadow dragon
 27085 | D:11     | Noticed a stone giant
 27085 | D:11     | a shadow dragon changed into a stone giant
 27086 | D:11     | Noticed a fire giant
 27086 | D:11     | a stone giant changed into a fire giant
 27094 | D:11     | Killed a fire giant
 27094 | D:11     | Reached skill level 19 in Stealth
 28360 | D:12     | Reached skill level 10 in Fighting
 28740 | D:12     | Noticed a frost giant
 28785 | D:12     | Killed a frost giant
 28967 | D:13     | Reached skill level 20 in Stealth
 28980 | D:13     | Learned a level 6 spell: Deflect Missiles
 29029 | D:13     | Reached skill level 1 in Charms
 29041 | D:13     | Reached skill level 1 in Air Magic
 29304 | D:13     | Got an ichor-stained hand axe
 29897 | D:14     | Found a sacrificial altar of Ru.
 29941 | D:14     | Reached XP level 15. HP: 70/80 MP: 21/25
 30106 | D:14     | Found a gate to the Vaults.
 30140 | D:14     | Reached skill level 5 in Charms
 30366 | D:14     | Identified the +9 hand axe "Uqigusia" {drain, rElec rF++
                  | Str-4 Int+3} (You found it on level 13 of the Dungeon)
 30592 | D:14     | Identified Roxanne's Grimoire of Clay
 30592 | D:14     | Noticed Roxanne
 31204 | D:15     | Entered Level 15 of the Dungeon
 31736 | D:15     | Reached skill level 5 in Air Magic
 33705 | D:15     | Found a sacrificial altar of Ru.
 33818 | D:15     | Reached skill level 10 in Charms
 33885 | D:15     | Found a staircase to the Depths.
 34277 | Orc:1    | Entered Level 1 of the Orcish Mines
 34475 | Orc:2    | Entered Level 2 of the Orcish Mines
 34554 | Orc:2    | Found a staircase to the Elven Halls.
 34666 | Orc:2    | Noticed Donald
 34669 | Orc:2    | Killed Donald
 35419 | Orc:2    | Noticed an orc warlord
 35721 | Orc:2    | Killed an orc warlord
 36043 | Orc:2    | Found Dutticabbu's General Store.
 36044 | Orc:2    | Found Gyrphew's Book Emporium.
 36045 | Orc:2    | Found Careytz's Antique Armour Emporium.
 36045 | Orc:2    | Found Zucul's Antique Weapon Shoppe.
 36310 | Orc:2    | Bought the +12 Vampire's Tooth {vamp} for 2100 gold pieces
 36310 | Orc:2    | Found the +12 Vampire's Tooth {vamp}
 36523 | Snake:1  | Entered Level 1 of the Snake Pit
 36627 | Snake:1  | Reached XP level 16. HP: 84/85 MP: 17/27
 36704 | Snake:1  | Found Toxoib's General Store.
 37030 | Snake:1  | Found a bloodstained altar of Trog.
 37030 | Snake:1  | Noticed littlecub's ghost (journeyman DsGl)
 37030 | Snake:1  | Identified the +1 trident "Umyukh" {freeze, *Noise MR+++
                  | Int+4 Dex+4}
 37110 | Snake:1  | Identified a scroll of acquirement
 37111 | Snake:1  | Identified Sif Muna's Collected Works on Transmutation (You
                  | acquired it on level 1 of the Snake Pit)
 37238 | Snake:1  | Found a transporter.
 37246 | Snake:1  | Found a transporter.
 37251 | Snake:1  | Identified the +5 dire flail of Demonkind {protect, rPois
                  | rN+ MR+}
 38102 | Snake:2  | Found a deep blue altar of Sif Muna.
 38463 | Snake:2  | Reached skill level 10 in Spellcasting
 40003 | Snake:3  | Found Reuq's Gadget Emporium.
 40004 | Snake:3  | Found Syklefum's Jewellery Boutique.
 40004 | Snake:3  | Found Geskuj's Jewellery Boutique.
 40482 | Snake:3  | Reached XP level 17. HP: 89/89 MP: 34/34
 40818 | Snake:4  | Entered Level 4 of the Snake Pit
 41861 | Snake:4  | Found Ollerphex's Armour Boutique.
 42074 | Snake:4  | Reached skill level 15 in Hexes
 44072 | Snake:4  | Reached skill level 15 in Spellcasting
 44097 | Snake:4  | Learned a level 5 spell: Summon Mana Viper
 44262 | Snake:4  | Reached skill level 1 in Summonings
 44536 | Snake:4  | Got a serpentine rune of Zot
 44853 | Shoals:1 | Entered Level 1 of the Shoals
 45042 | Shoals:1 | Found a frozen archway.
 45110 | IceCv    | Entered an ice cave
 46018 | IceCv    | Noticed an Ice Fiend
 46052 | IceCv    | Killed an Ice Fiend
 46052 | IceCv    | Reached XP level 18. HP: 83/93 MP: 24/38
 46275 | IceCv    | Got heavily runed ice dragon scales
 46281 | IceCv    | Identified the +6 ice dragon scales of Death Resistance
                  | {rElec rF- rC++ Str+4 Slay+3} (You found it in an ice cave)
 46309 | IceCv    | Identified the +9 mace of the Yoke {flame, rF+ Str+3 Dex+2
                  | Stlth+} (You found it in an ice cave)
 46692 | Shoals:1 | Found a large runed translucent door.
 46692 | Shoals:1 | Found a large runed translucent door.
 46694 | Shoals:1 | Noticed popps's ghost (adept GrFi)
 47518 | Shoals:2 | Learned a level 6 spell: Invisibility
 48067 | Shoals:3 | Found Vecil's Island Escapes.
 48867 | Shoals:4 | Entered Level 4 of the Shoals
 48972 | Shoals:4 | Reached skill level 5 in Summonings
 51117 | Shoals:4 | Got a barnacled rune of Zot
 51157 | Shoals:4 | Found Gipleg's Armour Shop.
 51915 | Vaults:1 | Entered Level 1 of the Vaults
 51954 | Vaults:1 | You fall through a shaft!
 52022 | Vaults:2 | Learned a level 4 spell: Passage of Golubria
 52053 | Vaults:2 | Got an encrusted cloak
 52057 | Vaults:2 | Identified the +0 cloak of Okawaru's Castigation {rPois
                  | rF++ Int-3 Dex+4} (You found it on level 2 of the Vaults)
 52088 | Vaults:2 | Reached skill level 1 in Translocations
 52274 | Vaults:1 | Reached XP level 19. HP: 98/98 MP: 42/42
 52285 | Vaults:1 | Reached skill level 5 in Translocations
 55210 | Vaults:2 | Noticed Sojobo
 55262 | Vaults:2 | Killed Sojobo
 55661 | Vaults:2 | Found Ishri's Magic Scroll Shoppe.
 56435 | Vaults:3 | Found a staircase to the Crypt.
 56435 | Vaults:3 | Found a basalt altar of Yredelemnul.
 56436 | Vaults:3 | Found an ancient bone altar of Kikubaaqudgha.
 56667 | Crypt:1  | Entered Level 1 of the Crypt
 58372 | Vaults:3 | Reached XP level 20. HP: 102/102 MP: 35/43
 59525 | Crypt:1  | Identified the cursed +0 robe "Feilos" {Str+3} (You found
                  | it on level 1 of the Crypt)
 60790 | Vaults:3 | Learned a level 8 spell: Discord
 61879 | Vaults:3 | Found an ornate altar of the Wu Jian Council.
 62044 | Vaults:3 | Found Xyemabut's Weapon Shoppe.
 62054 | Vaults:3 | Bought the +3 sling "Punk" {acid, rCorr} for 1106 gold
                  | pieces
 62054 | Vaults:3 | Found the +3 sling "Punk" {acid, rCorr}
 62096 | Vaults:3 | Reached skill level 1 in Slings
 63245 | Vaults:4 | Reached skill level 5 in Slings
 64178 | Vaults:4 | Identified the cursed +0 robe of Egorharph {+Fly MR+ Dex+6}
 64192 | Vaults:4 | Found a radiant altar of Vehumet.
 64201 | Vaults:4 | Identified the cursed +0 robe "Gisoff" {rElec MR+} (You
                  | found it on level 4 of the Vaults)
 64204 | Vaults:4 | Identified the +2 hat of the Oligarchy {rF+ rN+ MR+} (You
                  | found it on level 4 of the Vaults)
 64245 | Vaults:4 | Got a faintly humming robe
 64256 | Vaults:4 | Identified the +0 robe of Forking Paths {rF+ rC- Regen+
                  | Dex+10} (You found it on level 4 of the Vaults)
 66104 | D:15     | Bought the amulet "Bughun" {Reflect rN++ SH+2} for 250 gold
                  | pieces
 66275 | Elf:1    | Entered Level 1 of the Elven Halls
 66614 | Elf:1    | Reached XP level 21. HP: 107/107 MP: 35/45
 67537 | Elf:1    | Identified the Papyrus of the Entourage
 67709 | Elf:2    | Identified the Incunabulum of Combed Thunderclap
 67721 | Elf:2    | Identified the Tome of Axaxaxas mlö
 67801 | Elf:2    | Identified Ts'ui Pên's Almanac of Forking Paths
 68387 | Elf:2    | Found a runed translucent gate.
 68387 | Elf:2    | Found a runed translucent gate.
 68390 | Elf:2    | Found a runed translucent gate.
 68634 | Elf:3    | Entered Level 3 of the Elven Halls
 69476 | Elf:3    | Reached skill level 10 in Slings
 69628 | Elf:3    | Identified the +7 demon trident of Symmetry {drain, Str+3
                  | SInv}
 69880 | Elf:3    | Identified the Guide on Enchantment and Stones
 69918 | Elf:3    | Identified the Almanac of Poison and Enchantment
 70042 | Elf:3    | Identified the +7 war axe of Wondrous Power {holy, -Tele
                  | rC+ Str-2 Dex+10}
 70067 | Elf:3    | Found the +3 giant club "Skullcrusher" {speed, Str+7}
 70200 | Elf:3    | Identified the +5 rapier "Touwamou" {freeze, *Rage rElec
                  | rF+ SInv}
 70395 | Elf:3    | Found a transporter.
 70449 | Elf:3    | Noticed Somebody's ghost (adept VSBe)
 70450 | Elf:3    | Found a bloodstained altar of Trog.
 70458 | Elf:3    | Identified the +8 quick blade of Yeast {antimagic, +Fly
                  | rElec rN+}
 70459 | Elf:3    | Found a transporter.
 70459 | Elf:3    | Identified the +2 quick blade of Conformity {vamp, +Inv rF+
                  | Str+3}
 70523 | Elf:3    | Identified the +8 longbow "Pebeunkil" {flame, rElec rC+
                  | Stlth+}
 70688 | Elf:3    | Learned a level 3 spell: Portal Projectile
 70917 | Depths:1 | Entered Level 1 of the Depths
 72242 | Depths:1 | Found a gateway to Hell.
 72277 | Depths:1 | Identified the Disquisition on Twisted Aid
 73601 | Depths:2 | Reached XP level 22. HP: 111/111 MP: 37/48
 73693 | Depths:2 | Found a flickering gateway to a bazaar.
 73702 | Bazaar   | Entered a bazaar
 73702 | Bazaar   | Found Jouqat's Magic Scroll Shoppe.
 73702 | Bazaar   | Found Bedan's Armour Shoppe.
 73805 | Bazaar   | Found Willin Suuh's Antique Armour Emporium.
 73805 | Bazaar   | Found Bygudgh's Jewellery Emporium.
 73908 | Bazaar   | Bought 3 scrolls of teleportation for 72 gold pieces
 73908 | Bazaar   | Bought a scroll of teleportation for 24 gold pieces
 73912 | Bazaar   | Bought a scroll of fog for 16 gold pieces
 73930 | Bazaar   | Bought the ring "Mereorph" {rF+ MR+ Int+4 Stlth+} for 803
                  | gold pieces
 74293 | Depths:3 | Found a magical portal.
 74387 | WizLab   | Entered Cigotuvi's Fleshworks
 74645 | WizLab   | Paralysed by a floating eye for 4 turns
 74797 | WizLab   | Got a transparent steel amulet
 74803 | WizLab   | Identified the amulet of Mumim {RegenMP Int+6} (You found
                  | it in a wizard's laboratory)
 74815 | WizLab   | Learned a level 6 spell: Shadow Creatures
 75428 | WizLab   | Identified Cigotuvi's Reference Book on Lethal Moulding
 75430 | WizLab   | Identified Sif Muna's Compendium of Transformation
 76238 | Depths:3 | Found a one-way gate leading to the halls of Pandemonium.
 76606 | Depths:3 | Found a gateway to a ziggurat.
 76776 | Depths:3 | Reached skill level 10 in Summonings
 76776 | Depths:3 | Noticed Frederick
 76787 | Depths:3 | Killed Frederick
 77206 | Depths:4 | Reached skill level 10 in Evocations
 77650 | Depths:4 | Found a one-way gate to the infinite horrors of the Abyss.
 77653 | Depths:4 | Found Caprigh's Distillery.
 77667 | Depths:4 | Bought 2 potions of heal wounds for 100 gold pieces
 77667 | Depths:4 | Bought a potion of heal wounds for 50 gold pieces
 77667 | Depths:4 | Bought a potion of heal wounds for 50 gold pieces
 77667 | Depths:4 | Bought a potion of heal wounds for 50 gold pieces
 77726 | Depths:4 | Noticed Margery
 77732 | Depths:4 | Killed Margery
 77777 | Depths:4 | Found Kogaal's Antique Weapon Shop.
 77782 | Depths:4 | Found Doas's Food Boutique.
 77832 | Depths:4 | Found Beomaov's Assorted Antiques.
 77836 | Depths:4 | Bought a glittering brass ring for 130 gold pieces
 77836 | Depths:4 | Identified the ring "Ukepp" {rCorr rElec} (You bought it in
                  | a shop on level 4 of the Depths)
 77866 | Depths:4 | Got a transparent steel ring
 77868 | Depths:4 | Identified the ring "Rabyqar" {+Blink rN+ AC+3 Str-3} (You
                  | found it on level 4 of the Depths)
 78077 | Depths:4 | Found Mose's General Store.
 78084 | Depths:4 | Bought a scroll of teleportation for 72 gold pieces
 78084 | Depths:4 | Bought a scroll of holy word for 180 gold pieces
 78337 | Depths:4 | Noticed a golden dragon
 78371 | Depths:4 | Killed a golden dragon
 78371 | Depths:4 | Noticed Xtahua
 78392 | Depths:4 | Killed Xtahua
 78448 | Depths:4 | Noticed a golden dragon
 78471 | Depths:4 | Killed a golden dragon
 78784 | Depths:5 | Entered Level 5 of the Depths
 79045 | Depths:5 | Reached XP level 23. HP: 116/116 MP: 49/49
 79126 | Depths:5 | Found a gate to the Realm of Zot.
 80179 | Depths:4 | Voluntarily entered the Abyss.
 80182 | Abyss:1  | Learned a level 1 spell: Apportation
 80309 | Depths:4 | Escaped the Abyss
 80547 | Depths:4 | Learned a level 3 spell: Regeneration
 80549 | Depths:4 | Voluntarily entered the Abyss.
 80569 | Abyss:1  | Learned a level 5 spell: Yara's Violent Unravelling
 80989 | Abyss:3  | Reached skill level 21 in Stealth
 81011 | Abyss:3  | Got an abyssal rune of Zot
 81226 | Abyss:4  | Found a stormy altar of Qazlal.
 81277 | Abyss:4  | Found a stormy altar of Qazlal.
 81499 | Depths:4 | Escaped the Abyss
 81577 | Zot:1    | Entered Level 1 of the Realm of Zot
 82231 | Zot:1    | Noticed a shard shrike
 82242 | Zot:1    | Killed a shard shrike
 82245 | Zot:1    | Noticed an orb of fire
 82427 | Zot:1    | Gained mutation: You are dopey. (Int -2) [an orb of fire]
 82641 | Zot:1    | Reached skill level 22 in Stealth
 83336 | Zot:1    | Gained mutation: Your magical capacity is low. (-10% MP)
                  | [an orb of fire]
 83364 | Zot:1    | Killed an orb of fire
 83364 | Zot:1    | Reached skill level 23 in Stealth
 84454 | Zot:3    | Noticed a curse toe
 84853 | Zot:2    | Reached skill level 24 in Stealth
 84952 | Zot:2    | Noticed a Killer Klown
 84978 | Zot:2    | Killed a Killer Klown
 84980 | Zot:2    | Noticed a Killer Klown
 84996 | Zot:2    | Killed a Killer Klown
 85094 | Zot:2    | Noticed a Killer Klown
 85128 | Zot:2    | Noticed a Killer Klown
 85137 | Zot:2    | Killed a Killer Klown
 85146 | Zot:2    | Killed a Killer Klown
 85340 | Zot:2    | Reached XP level 24. HP: 123/123 MP: 42/44
 85342 | Zot:2    | Noticed a Killer Klown
 85375 | Zot:2    | HP: 4/123 [Killer Klown/+12 club of electrocution (50)]
 85379 | Zot:2    | Killed a Killer Klown
 86000 | Zot:2    | Reached skill level 25 in Stealth
 87606 | Zot:3    | Reached skill level 26 in Stealth
 89938 | Zot:4    | Reached skill level 27 in Stealth
 91141 | Zot:5    | Entered Level 5 of the Realm of Zot
 91640 | Elf:3    | Learned a level 1 spell: Summon Butterflies
 91645 | Elf:3    | Learned a level 4 spell: Summon Lightning Spire
 91648 | Elf:3    | Learned a level 2 spell: Passwall
 92837 | Zot:5    | Noticed an orb of fire
 92837 | Zot:5    | Noticed an orb of fire
 92840 | Zot:5    | Noticed a Killer Klown
 92842 | Zot:5    | Noticed a Killer Klown
 92843 | Zot:5    | Noticed an orb of fire
 92847 | Zot:5    | Noticed a Killer Klown
 92873 | Zot:5    | Got the Orb of Zot
 93387 | D:7      | Noticed Usmigrets the pandemonium lord
 93462 | D:3      | Noticed Pohozol the pandemonium lord
 93569 | D:1      | gg
 93570 | D:$      | Escaped with the Orb!

Skill      XL: |  1  2  3  4  5  6  7  8  9 10 11 12 13 14 15 16 17 18 19 20 21 22 23 24 |
---------------+-------------------------------------------------------------------------+-----
Stealth        | 5 6 7 8 12 13 15 17 20 24 27 | 27.0
Short Blades   | 2 3 4 5 8 9 10 | 10.0
Spellcasting   | 4 6 12 15 18 19 21 | 21.0
Hexes          | 5 8 9 10 14 15 18 20 | 20.0
Fighting       | 3 4 6 8 10 11 | 11.9
Dodging        | 8 9 12 15 18 19 20 | 20.0
Shields        | 6 7 |  7.3
Evocations     | 5 6 10 11 | 11.3
Charms         | 4 11 | 11.7
Air Magic      | 2 7 |  7.7
Summonings     | 3 5 8 9 12 | 12.0
Translocations | 4 5 |  5.0
Slings         | 7 12 14 | 14.0

Action                   |  1- 3 |  4- 6 |  7- 9 | 10-12 | 13-15 | 16-18 | 19-21 | 22-24 || total
-------------------------+-------+-------+-------+-------+-------+-------+-------+-------++-------
Melee: Dagger            |   160 |   158 |   280 |   536 |  1728 |       |       |       ||  2862
       Quick blade       |       |       |       |       |    30 |  2052 |  2207 |  1159 ||  5448
       War axe           |       |       |       |       |       |       |       |     1 ||     1
 Fire: Fustibalus        |       |       |       |       |       |       |       |   412 ||   412
Throw: Stone             |    32 |       |       |       |       |       |       |       ||    32
 Cast: Corona            |    19 |     4 |       |       |       |       |       |       ||    23
       Ensorcelled Hiber |    12 |    32 |    22 |    77 |   147 |   140 |    61 |     1 ||   492
       Tukima's Dance    |       |     2 |     6 |     2 |    32 |    22 |     3 |       ||    67
       Confuse           |       |     2 |    26 |    57 |   299 |   343 |   281 |   176 ||  1184
       Deflect Missiles  |       |       |       |       |     1 |     7 |     2 |     6 ||    16
       Summon Mana Viper |       |       |       |       |       |    37 |    98 |    23 ||   158
       Invisibility      |       |       |       |       |       |     8 |    15 |    12 ||    35
       Passage of Golubr |       |       |       |       |       |       |     2 |     1 ||     3
       Discord           |       |       |       |       |       |       |    10 |    36 ||    46
       Shadow Creatures  |       |       |       |       |       |       |       |   117 ||   117
       Apportation       |       |       |       |       |       |       |       |    11 ||    11
       Portal Projectile |       |       |       |       |       |       |       |     5 ||     5
       Regeneration      |       |       |       |       |       |       |       |     4 ||     4
       Yara's Violent Un |       |       |       |       |       |       |       |     3 ||     3
       Passwall          |       |       |       |       |       |       |       |     1 ||     1
Invok: Call Merchant     |       |       |       |       |       |       |     2 |       ||     2
       Potion Petition   |       |       |       |       |       |       |     1 |       ||     1
       Bribe Branch      |       |       |       |       |       |       |       |     4 ||     4
Evoke: Wand              |       |       |       |       |       |     1 |     1 |     5 ||     7
  Use: Scroll            |     7 |     2 |     2 |     6 |    18 |     8 |     6 |    13 ||    62
       Potion            |     1 |       |       |       |     1 |       |     2 |    10 ||    14
 Stab: Sleeping          |    19 |    23 |    30 |    74 |   126 |   117 |   105 |    49 ||   543
       Distracted        |       |     2 |     1 |     6 |     9 |    11 |    16 |    19 ||    64
       Confused          |       |       |    11 |    45 |   138 |   222 |   170 |   110 ||   696
       Petrifying        |       |       |       |     3 |    11 |       |       |       ||    14
       Petrified         |       |       |       |     2 |     3 |       |       |       ||     5
       Paralysed         |       |       |       |     2 |     8 |       |       |       ||    10
       Invisible         |       |       |       |       |       |    42 |    75 |    19 ||   136
  Eat: Ration            |       |     3 |     4 |     4 |    12 |    11 |    13 |    15 ||    62
Armor: Robe              |    20 |     9 |    16 |    16 |    43 |    28 |    37 |    39 ||   208
Dodge: Dodged            |   150 |    96 |   148 |   255 |   907 |   797 |   728 |   554 ||  3635
       Deflected         |       |       |       |       |       |    85 |    45 |    52 ||   182
Block: Buckler           |       |       |       |     5 |   414 |   333 |   292 |   203 ||  1247
       Reflection        |       |       |       |       |       |       |     9 |       ||     9
